3AAA
WILMINGTON BAY HAWKS @ BALBOA BUCCANEERS
08/30/2020
 
TOP OF THE 1ST
Wilmington Bay Hawks batting - Pitching for Balboa Buccaneers : RHP Brian Chandler
Pitching: RHP Brian Chandler
Batting: LHB Steve Grimes 0-0: Foul Ball, location: 2F
0-1: SINGLE (Groundball, 34D)
Batting: LHB Jorge Mojica 0-0: Ball
Single, Error in OF, E9, batter to second base
Steve Grimes to third
Batting: LHB Jim Unknown 0-0: Ball
1-0: Fly out, F4 (Popup, 34D)
Batting: LHB Denny Young 0-0: Ball
1-0: Called Strike
1-1: Foul Ball, location: 2F
1-2: Foul Ball, location: 2F
1-2: SINGLE (Line Drive, 89M)
Steve Grimes scores
Jorge Mojica to third
Batting: RHB Jim Unknown 0-0: Ball
1-0: Foul Ball, location: 2F
1-1: Swinging Strike
1-2: Ball
2-2: Foul Ball, location: 2F
2-2: Ball
3-2: Fly out, F9 (Flyball, 9M)
Runner from 3rd tags up, OUT at HOME
Top of the 1st over - 1 run(s), 3 hit(s), 1 error(s), 1 left on base; Wilmington 1 - Balboa 0
BOTTOM OF THE 1ST
Balboa Buccaneers batting - Pitching for Wilmington Bay Hawks : RHP Jim Unknown
Pitching: RHP Jim Unknown
Batting: RHB José Correa 0-0: Ball
1-0: Ball
2-0: Called Strike
2-1: Ground out 6-3 (Groundball, 56)
Batting: RHB Roy Childress 0-0: Ball
1-0: Ground out 4-3 (Groundball, 4)
Batting: LHB Sergio Muńóz 0-0: Fly out, F8 (Flyball, 8LXD)
Bottom of the 1st over - 0 run(s), 0 hit(s), 0 error(s), 0 left on base; Wilmington 1 - Balboa 0
TOP OF THE 2ND
Wilmington Bay Hawks batting - Pitching for Balboa Buccaneers : RHP Brian Chandler
Batting: LHB Kenny Webster 0-0: Ball
1-0: Foul Ball, location: 2F
1-1: Ball
2-1: SINGLE (Groundball, 4MD)
Batting: SHB José Martínez 0-0: Called Strike
Kenny Webster steals 2nd base
0-1: Ball
1-1: Ball
2-1: Foul Ball, location: 2F
2-2: Foul Ball, location: 2F
2-2: Fly out, F8 (Flyball, 8RD)
Runner from 2nd tags up, SAFE at 3rd, no throw
Batting: RHB Jason Nicholson 0-0: Foul Ball, location: 2F
0-1: Ball
1-1: Foul Ball, location: 2F
Error on foul ball, E3
1-2: Foul Ball, location: 2F
1-2: Foul Ball, location: 2F
1-2: Foul Ball, location: 2F
1-2: Ball
2-2: Ball
3-2: SINGLE (Line Drive, 7LS)
Kenny Webster scores
Batting: LHB Salvador Vidal 0-0: Ball
1-0: Ground out U3 (Groundball, 3S)
Jason Nicholson to second
Batting: LHB Steve Grimes 0-0: SINGLE (Flyball, 8LS)
Jason Nicholson to third
Batting: LHB Jorge Mojica 0-0: Ball
1-0: Ball
2-0: Foul Ball, location: 2F
2-1: Foul Ball, location: 2F
2-2: Strikes out looking
Top of the 2nd over - 1 run(s), 3 hit(s), 1 error(s), 2 left on base; Wilmington 2 - Balboa 0
BOTTOM OF THE 2ND
Balboa Buccaneers batting - Pitching for Wilmington Bay Hawks : RHP Jim Unknown
Batting: RHB William Hull 0-0: Foul Ball, location: 2F
0-1: Ball
1-1: Ball
2-1: Foul Ball, location: 2F
2-2: SINGLE (Line Drive, 4M)
Batting: LHB Sam Good 0-0: Ball
1-0: Called Strike
1-1: Called Strike
1-2: SINGLE (Line Drive, 9LM)
William Hull to second
Runner from 2nd tries for 3rd, SAFE, no throw or cutoff
Batting: RHB Lane Hancock 0-0: Ball
1-0: Called Strike
1-1: Ball
2-1: Swinging Strike
2-2: Foul Ball, location: 2F
2-2: Foul Ball, location: 2F
2-2: Fly out, F8 (Line Drive, 8LM)
Runner from 3rd tags up, SCORES, no throw
Batting: SHB Walt Smith 0-0: Ball
1-0: Ball
2-0: Ball
3-0: Called Strike
3-1: Foul Ball, location: 2F
3-2: Foul Ball, location: 2F
3-2: Ground out 1-3 (Groundball, 13)
Sam Good to second
Batting: LHB Imre Brincka 0-0: Ball
1-0: Called Strike
1-1: Foul Ball, location: 2F
1-2: Foul Ball, location: 2F
1-2: DOUBLE (Line Drive, 9LD)
Sam Good scores
Batting: SHB Wook-jin Pae 0-0: Ball
1-0: Foul Ball, location: 2F
1-1: Ball
2-1: Ball
3-1: Foul Ball, location: 2F
3-2: Ground out U3 (Groundball, 3)
Bottom of the 2nd over - 2 run(s), 3 hit(s), 0 error(s), 1 left on base; Wilmington 2 - Balboa 2
TOP OF THE 3RD
Wilmington Bay Hawks batting - Pitching for Balboa Buccaneers : RHP Brian Chandler
Batting: LHB Jim Unknown 0-0: Ball
1-0: Fly out, F8 (Flyball, 8LD)
Batting: LHB Denny Young 0-0: Foul Ball, location: 2F
0-1: Ball
1-1: Foul Ball, location: 2F
1-2: Ball
2-2: SINGLE (Line Drive, 7S)
Batting: RHB Jim Unknown 0-0: Ground out 5-3 (Groundball, 5S)
Denny Young to second
Batting: LHB Kenny Webster 0-0: Called Strike
0-1: SINGLE (Groundball, 34D)
Denny Young to third
Runner from 3rd tries for Home, SAFE, no throw or cutoff
Batting: SHB José Martínez 0-0: Foul Ball, location: 2F
0-1: Foul Ball, location: 2F
0-2: Ball
1-2: Ball
2-2: Ball
3-2: Strikes out swinging
Top of the 3rd over - 1 run(s), 2 hit(s), 0 error(s), 1 left on base; Wilmington 3 - Balboa 2
BOTTOM OF THE 3RD
Balboa Buccaneers batting - Pitching for Wilmington Bay Hawks : RHP Jim Unknown
Batting: RHB José Correa 0-0: Ball
1-0: Called Strike
1-1: Ground out 1-3 (Groundball, 23)
Batting: RHB Roy Childress 0-0: Ball
1-0: Ball
2-0: Ball
3-0: Called Strike
3-1: Base on Balls
Batting: LHB Sergio Muńóz 0-0: Ball
1-0: Ball
2-0: Called Strike
2-1: Ball
3-1: Foul Ball, location: 2F
3-2: Strikes out looking
Roy Childress steals 2nd base
Batter strikes out.
Batting: RHB William Hull 0-0: Ball
1-0: Ball
2-0: Ball
3-0: Called Strike
3-1: Foul Ball, location: 2F
3-2: Ground out U3 (Groundball, 3S)
Bottom of the 3rd over - 0 run(s), 0 hit(s), 0 error(s), 1 left on base; Wilmington 3 - Balboa 2
TOP OF THE 4TH
Wilmington Bay Hawks batting - Pitching for Balboa Buccaneers : RHP Brian Chandler
Batting: RHB Jason Nicholson 0-0: Called Strike
0-1: Swinging Strike
0-2: Ball
1-2: SINGLE (Line Drive, 56)
Batting: LHB Salvador Vidal 0-0: Called Strike
0-1: Foul Ball, location: 2F
0-2: Strikes out swinging
Batting: LHB Steve Grimes 0-0: SINGLE (Groundball, 56)
Jason Nicholson to second
Batting: LHB Jorge Mojica 0-0: Ball
1-0: Called Strike
1-1: Fly out, F8 (Line Drive, 8RS)
Batting: LHB Jim Unknown 0-0: Called Strike
0-1: Ball
1-1: SINGLE (Line Drive, 8RS)
Jason Nicholson to third
Steve Grimes to second
Runner from 3rd tries for Home, SAFE, no throw or cutoff
Batting: LHB Denny Young 0-0: Ball
1-0: Ball
2-0: Called Strike
2-1: Ground out U3 (Groundball, 3S)
Top of the 4th over - 1 run(s), 3 hit(s), 0 error(s), 2 left on base; Wilmington 4 - Balboa 2
BOTTOM OF THE 4TH
Balboa Buccaneers batting - Pitching for Wilmington Bay Hawks : RHP Jim Unknown
Batting: LHB Sam Good 0-0: Ground out 4-3 (Groundball, 4M)
Batting: RHB Lane Hancock 0-0: Swinging Strike
0-1: Ball
1-1: Foul Ball, location: 2F
1-2: Ball
2-2: Fly out, F6 (Flyball, 7S)
Batting: SHB Walt Smith 0-0: Foul Ball, location: 2F
0-1: Ball
1-1: Foul Ball, location: 2F
1-2: Ball
2-2: Ball
3-2: Foul Ball, location: 2F
3-2: Ground out 4-3 (Groundball, 4M)
Bottom of the 4th over - 0 run(s), 0 hit(s), 0 error(s), 0 left on base; Wilmington 4 - Balboa 2
TOP OF THE 5TH
Wilmington Bay Hawks batting - Pitching for Balboa Buccaneers : RHP Brian Chandler
Batting: RHB Jim Unknown 0-0: Ball
1-0: Foul Ball, location: 2F
1-1: Ground out 6-3 (Groundball, 6M)
Batting: LHB Kenny Webster 0-0: Foul Ball, location: 2F
0-1: Ball
1-1: SOLO HOME RUN (Flyball, 9D), Distance : 367 ft
Batting: SHB José Martínez 0-0: Fly out, F9 (Flyball, 9D)
Batting: RHB Jason Nicholson 0-0: Ball
1-0: Ground out 6-3 (Groundball, 6M)
Top of the 5th over - 1 run(s), 1 hit(s), 0 error(s), 0 left on base; Wilmington 5 - Balboa 2
BOTTOM OF THE 5TH
Balboa Buccaneers batting - Pitching for Wilmington Bay Hawks : RHP Jim Unknown
Batting: LHB Imre Brincka 0-0: Ball
1-0: Called Strike
1-1: Foul Ball, location: 2F
1-2: Fly out, F7 (Flyball, 7S)
Batting: SHB Wook-jin Pae 0-0: Called Strike
0-1: Called Strike
0-2: Foul Ball, location: 2F
0-2: Strikes out looking
Batting: RHB José Correa 0-0: Ball
1-0: Ball
2-0: Called Strike
2-1: Foul Ball, location: 2F
2-2: Fly out, F9 (Flyball, 89D)
Bottom of the 5th over - 0 run(s), 0 hit(s), 0 error(s), 0 left on base; Wilmington 5 - Balboa 2
TOP OF THE 6TH
Wilmington Bay Hawks batting - Pitching for Balboa Buccaneers : RHP Brian Chandler
Batting: LHB Salvador Vidal 0-0: Called Strike
0-1: Foul Ball, location: 2F
0-2: Ball
1-2: Ground out 4-3 (Groundball, 4)
Batting: LHB Steve Grimes 0-0: Called Strike
0-1: Ball
1-1: Ground out 4-3 (Groundball, 13)
Batting: LHB Jorge Mojica 0-0: Called Strike
0-1: Fly out, F8 (Flyball, 8RD)
Top of the 6th over - 0 run(s), 0 hit(s), 0 error(s), 0 left on base; Wilmington 5 - Balboa 2
BOTTOM OF THE 6TH
Balboa Buccaneers batting - Pitching for Wilmington Bay Hawks : RHP Jim Unknown
Batting: RHB Roy Childress 0-0: Ball
1-0: Foul Ball, location: 2F
1-1: Foul Ball, location: 2F
1-2: Fly out, F9 (Flyball, 9S)
Batting: LHB Sergio Muńóz 0-0: Ball
1-0: Ground out 4-3 (Groundball, 4)
Batting: RHB William Hull 0-0: Ball
1-0: SINGLE (Line Drive, 34D)
Batting: LHB Sam Good 0-0: Called Strike
0-1: Ball
1-1: Ball
2-1: Foul Ball, location: 2F
2-2: Ball
William Hull steals 2nd base
3-2: 2-RUN HOME RUN (Flyball, 9D), Distance : 366 ft
Batting: RHB Lane Hancock 0-0: Ball
1-0: Called Strike
1-1: Foul Ball, location: 2F
1-2: Ground out 4-3 (Groundball, 6M)
Bottom of the 6th over - 2 run(s), 2 hit(s), 0 error(s), 0 left on base; Wilmington 5 - Balboa 4
TOP OF THE 7TH
Wilmington Bay Hawks batting - Pitching for Balboa Buccaneers : RHP Brian Chandler
Batting: LHB Jim Unknown 0-0: Called Strike
0-1: Ground out 1-3 (Groundball, 13)
Batting: LHB Denny Young 0-0: Called Strike
0-1: Ball
1-1: SINGLE (Line Drive, 4D)
Batting: RHB Jim Unknown 0-0: Foul Ball, location: 2F
0-1: Ball
1-1: Swinging Strike
1-2: Ball
2-2: Foul Ball, location: 2F
2-2: Foul Ball, location: 2F
2-2: Ball
3-2: Foul Ball, location: 2F
3-2: Strikes out swinging
Batting: LHB Kenny Webster 0-0: Ball
1-0: Ball
2-0: Ball
3-0: Called Strike
3-1: Fly out, F9 (Flyball, 9LM)
Top of the 7th over - 0 run(s), 1 hit(s), 0 error(s), 1 left on base; Wilmington 5 - Balboa 4
BOTTOM OF THE 7TH
Balboa Buccaneers batting - Pitching for Wilmington Bay Hawks : RHP Jim Unknown
Batting: SHB Walt Smith 0-0: Foul Ball, location: 2F
0-1: Ball
1-1: SINGLE (Groundball, 56D)
Batting: LHB Imre Brincka 0-0: Bunt missed!
0-1: Bunted foul
0-2: Foul Ball, location: 2F
0-2: Ball
1-2: Foul Ball, location: 2F
1-2: Ball
2-2: Ball
3-2: Foul Ball, location: 2F
3-2: SINGLE (Groundball, 6MD)
Walt Smith to second
Pitching: RHP Jim Unknown
Pinch Hitting: RHB Miguel Ramírez 0-0: Ball
1-0: Sac Bunt - play at first, batter OUT! 1-4
Walt Smith to third
Imre Brincka to second
Pinch Hitting: LHB Jeffrey Gregg 0-0: Swinging Strike
0-1: Called Strike
0-2: Foul Ball, location: 2F
0-2: Foul Ball, location: 2F
0-2: Ball
1-2: Ball
2-2: SINGLE (Groundball, 6MD)
Walt Smith scores
Imre Brincka to third
Runner from 3rd tries for Home, SAFE, throw made home
Jeffrey Gregg to second
Batting: RHB Roy Childress 0-0: Called Strike
0-1: Foul Ball, location: 2F
0-2: Strikes out swinging
Batting: LHB Sergio Muńóz 0-0: Swinging Strike
0-1: Ball
1-1: Ground out 4-3 (Groundball, 4)
Bottom of the 7th over - 2 run(s), 3 hit(s), 0 error(s), 1 left on base; Wilmington 5 - Balboa 6
TOP OF THE 8TH
Wilmington Bay Hawks batting - Pitching for Balboa Buccaneers : RHP Brian Chandler
Now at 2B: César Garza
Now at SS: Miguel Ramírez
Now in RF: Bellchyor Lebrim
Batting: SHB José Martínez 0-0: Foul Ball, location: 2F
0-1: Called Strike
0-2: Ball
1-2: Ball
2-2: Ball
3-2: Base on Balls
Pitching: RHP Jim Unknown
Batting: RHB Jason Nicholson 0-0: Bunted foul
0-1: Sac Bunt - play at first, batter OUT! 1-4
José Martínez to second
Batting: LHB Salvador Vidal 0-0: Ground out 4-3 (Groundball, 34)
José Martínez to third
Batting: LHB Steve Grimes 0-0: Ball
1-0: Foul Ball, location: 2F
1-1: Called Strike
1-2: Foul Ball, location: 2F
1-2: Strikes out swinging
Top of the 8th over - 0 run(s), 0 hit(s), 0 error(s), 1 left on base; Wilmington 5 - Balboa 6
BOTTOM OF THE 8TH
Balboa Buccaneers batting - Pitching for Wilmington Bay Hawks : RHP Jim Unknown
Batting: RHB William Hull 0-0: Called Strike
0-1: Called Strike
0-2: Ball
1-2: Ball
2-2: Fly out, F3 (Popup, 3F)
Batting: LHB Sam Good 0-0: Swinging Strike
0-1: SINGLE (Line Drive, 5D)
Batting: RHB Lane Hancock 0-0: Ball
1-0: Foul Ball, location: 2F
1-1: Ball
2-1: Ball
3-1: Base on Balls
Sam Good to second
Batting: SHB Walt Smith 0-0: Called Strike
0-1: Ball
1-1: Called Strike
1-2: Ball
2-2: Grounds into double play, 4-6-3 (Groundball, 4)
Bottom of the 8th over - 0 run(s), 1 hit(s), 0 error(s), 1 left on base; Wilmington 5 - Balboa 6
TOP OF THE 9TH
Wilmington Bay Hawks batting - Pitching for Balboa Buccaneers : RHP Jim Unknown
Batting: LHB Jorge Mojica 0-0: Ground out 1-3 (Groundball, 23)
Pinch Hitting: LHB En-lai Gao 0-0: Swinging Strike
0-1: Foul Ball, location: 2F
0-2: Ball
1-2: Strikes out swinging
Batting: LHB Denny Young 0-0: Called Strike
0-1: Ball
1-1: Ball
2-1: SINGLE (Line Drive, 34)
Batting: RHB Jim Unknown 0-0: Called Strike
0-1: Swinging Strike
0-2: Ground out 1-3 (Groundball, 25)
Top of the 9th over - 0 run(s), 1 hit(s), 0 error(s), 1 left on base; Wilmington 5 - Balboa 6
This league is powered by Out of the Park Baseball, the baseball management simulation game for PC, Mac and Linux
Friday, October 23rd, 2015 - OOTP Baseball 16.9 Build 39